 Dungeon Crawl Stone Soup version 0.32-a0-747-gc8563f6773 (webtiles) character file.

Game seed: 10167448094251973320

92 MrSquiggles the Changeling (level 4, -4/34 HPs)
             Began as a Merfolk Shapeshifter on Mar 17, 2024.
             Slain by Sigmund
             ... wielding a +0 scythe
              (9 damage)
             ... on level 2 of the Dungeon.
             The game lasted 00:07:17 (2052 turns).

MrSquiggles the Changeling (Merfolk Shapeshifter)   Turns: 2052, Time: 00:07:17

Health: -4/34      AC:  3    Str: 13 (14) XL:     4   Next: 60%
Magic:  4/4        EV: 12    Int:  3 (9)  God:
Gold:   33         SH:  0    Dex: 14 (15) Spells: 3/3 levels left

rFire   . .          .
                       - Unarmed
rCold   . . .        (no shield)
rNeg    . . .        a - +1 animal skin
rPois   .            (helmet currently unavailable)
rElec   .            (cloak currently unavailable)
rCorr   +            (gloves currently unavailable)
SInv    .            (boots currently unavailable)
Will    .....        (no amulet)
Stlth   +            g - ring of flight
HPRegen 0.25/turn    e - ring of resist corrosion
MPRegen 0.09/turn

%: no passive effects
@: beast-form, flying
A: beast (slay +2), (nimble swimmer 2), mertail, deterioration 1
a: Begin Untransformation


You were on level 2 of the Dungeon.
You were a hulking beast.
You visited 1 branch of the dungeon, and saw 2 of its levels.

You collected 33 gold pieces.

Inventory:

Missiles
 j - 21 stones (quivered)
Armour
 a - a +1 animal skin (worn)
 i - a +0 leather armour
 p - a +0 helmet
Jewellery
 e - a ring of resist corrosion (right hand)
 g - a ring of flight (left hand)
Talismans
 c - a beast talisman (active)
 d - a flux talisman
Wands
 b - a wand of flame (3)


   Skills:
 + Level 2.4 Fighting
 + Level 3.9 Dodging
 + Level 4.0 Unarmed Combat
 * Level 4.7 Shapeshifting


You had 3 spell levels left.
You didn't know any spells.
Your spell library contained the following spells:

 Spells                   Type           Power      Damage    Failure   Level
 Cigotuvi's Dreadful Rot  Necr/Alch/Air  0%         N/A       67%         2
 Ignite Poison            Fire/Alch      0%         N/A       99%         4
 Freezing Cloud           Conj/Ice/Air   0%         6-21      100%        5


Dungeon Overview and Level Annotations

Branches:
Dungeon (2/15)

Altars:
Qazlal

Shops:
D:1 [

Annotations:
D:2 Robin, Sigmund


Innate Abilities, Weirdness & Mutations

You are a hulking beast.
Your limbs bulge with bestial killing power. (Slay +2)
((You are very nimble when in or above water. (Stealth+, EV+, Speed+++)))
Your lower body shifts to a powerful aquatic tail in water.
Your body sometimes deteriorates upon taking damage.


Message History

Found 3 gold pieces.
You see here a +0 leather armour.
i - a +0 leather armour
Okay, then.
Found a potion of attraction.
It was a potion of mutation.
You feel extremely strange.
You feel yourself wasting away.
Sigmund points at you and mumbles some strange words.
The magic dart hits you!
Your body deteriorates!
You feel dopey.
You aren't carrying any potions.
Unknown command.
This is a scroll of acquirement!
Something appears at your feet!
Sigmund hits you from afar with a +0 scythe!
Your body deteriorates!
You feel dopey.
Unknown command.
Unknown command.
Okay, then.
Sigmund hits you with a +0 scythe!
* * * LOW HITPOINT WARNING * * *
Your body deteriorates!
You feel dopey.
You barely miss Sigmund. You closely miss Sigmund. Sigmund misses you.
You hit Sigmund.
Sigmund is lightly wounded.
You closely miss Sigmund.
Sigmund is lightly wounded.
Sigmund hits you with a +0 scythe.
* * * LOW HITPOINT WARNING * * *
You hit Sigmund.
Sigmund is lightly wounded.
Sigmund barely misses you.
You closely miss Sigmund.
Sigmund is lightly wounded.
You punch Sigmund!
Sigmund is heavily wounded.
Sigmund hits you with a +0 scythe!
You die...
Sigmund begins carving another notch in his scythe.

....# #.#.########
............
#.#.#################
....................#
###############.###.#
... .........#.!. .##
.........#.###.# ..#
........[h@....# ...
..._....##.###.#
..####.........# ...
...............# ..##
...............# ..#
...............# ..#
...##....$...... ..#
.#..#..........# #.#
.##...##


You could see Sigmund.

Vanquished Creatures
  Jessica (D:2)
  A gnoll (D:1)
  2 adders (D:2)
  A ribbon worm (D:2)
  3 dart slugs
  4 endoplasms
  5 goblins
  A hobgoblin (D:2)
  4 ball pythons (D:1)
  2 bats (D:1)
  4 frilled lizards
  5 kobolds
  A rat (D:2)
34 creatures vanquished.

Notes
Turn   | Place    | Note
-------+----------+-------------------------------------------
     0 | D:1      | MrSquiggles the Merfolk Shapeshifter began the quest for
                  | the Orb.
     0 | D:1      | Reached XP level 1. HP: 15/15 MP: 1/1
   178 | D:1      | Found Nanwoafa's Antique Armour Boutique.
   323 | D:1      | Reached XP level 2. HP: 19/21 MP: 2/2
   594 | D:1      | Reached XP level 3. HP: 6/27 MP: 3/3
  1005 | D:2      | Noticed Jessica
  1012 | D:2      | Killed Jessica
  1296 | D:2      | Reached XP level 4. HP: 26/33 MP: 4/4
  1535 | D:2      | Found a faded altar of an unknown god.
  1536 | D:2      | Noticed an eye of devastation
  1558 | D:2      | Noticed a great orb of eyes
  1592 | D:2      | Noticed a shining eye
  1595 | D:2      | Noticed a great orb of eyes
  1666 | D:2      | Noticed Robin
  2037 | D:2      | Found a stormy altar of Qazlal.
  2039 | D:2      | Noticed Sigmund
  2043 | D:2      | Gained mutation: Your body sometimes deteriorates upon
                  | taking damage. [potion of mutation]
  2044 | D:2      | Identified a scroll of acquirement
  2044 | D:2      | Acquired the -1 pair of gloves of the Charred God {Dex+6
                  | Slay+3}
  2052 | D:2      | Slain by Sigmund

Illustrated notes

Levels and vault maps discovered:
D:1:      shiori_shiawase, layout_rooms, serial_shops, shop
D:2:      layout_basic, hellmonk_ecumenical_altar_watching_god, basic_altar,
          uniq_jessica, uniq_robin, uniq_sigmund

Skill      XL: |  1  2  3  4 |
---------------+-------------+-----
Dodging        | 3 |  3.9
Fighting       | 2 |  2.4
Unarmed Combat | 4 |  4.0
Shapeshifting  | |  4.7

Action                     |  1- 3 |  4- 6 || total
---------------------------+-------+-------++-------
  Melee: Unarmed           |    63 |    43 ||   106
         Punch             |       |     2 ||     2
  Throw: Stone             |     6 |     2 ||     8
    Use: Potion            |     1 |     7 ||     8
         Scroll            |       |     5 ||     5
   Stab: Sleeping          |       |     1 ||     1
 Armour: Animal skin       |    35 |    29 ||    64
         Skin              |     2 |       ||     2
  Dodge: Dodged            |    30 |    26 ||    56

Table legend: (Time is in decaauts)
 A = Elapsed time spent in this place.
 B = Non-inter-level travel time spent in this place.
 C = Inter-level travel time spent in this place.
 D = Time resting spent in this place.
 E = Time spent auto-exploring this place.
 F = Levels seen in this place.
 G = Mean time per level.
                   A        B        C        D        E       F      G
               +--------+--------+--------+--------+--------+-----+--------+
         Total |   2044 |   1973 |     71 |    538 |    832 |   2 | 1022.0 |
       Dungeon |   2044 |   1973 |     71 |    538 |    832 |   2 | 1022.0 |
               +--------+--------+--------+--------+--------+-----+--------+

Top non-repeatable levels by time:
     D:2: 1107 daAuts
     D:1: 936 daAuts
